 Dungeon Crawl Stone Soup version 0.31.0-11-ge490571c62 (webtiles) character file.

Game seed: 7770501827274519301

1419 jasper the Ruffian (level 8, -3/44 HPs)
             Began as a Vine Stalker Fighter on Feb 2, 2024.
             Slain by a steam dragon (7 damage)
             ... on level 6 of the Dungeon.
             The game lasted 00:05:32 (3473 turns).

jasper the Ruffian (Vine Stalker Fighter)           Turns: 3473, Time: 00:05:33

Health: -3/44      AC:  7    Str: 24    XL:     8   Next: 71%
Magic:  0/9        EV:  9    Int:  8    God:
Gold:   256        SH:  7    Dex: 19    Spells: 7/7 levels left

rFire   . .          .
                       - Unarmed
rCold   . . .        s - +1 buckler of Vampiric Thralls {^Drain Str+5 Dex+3 Slay+3}
rNeg    . . .        a - +0 scale mail
rPois   .            (no helmet)
rElec   .            (no cloak)
rCorr   .            (no gloves)
SInv    .            q - +0 pair of boots
Will    +....        (no amulet) Stlth
                     (no ring)
HPRegen 1.07/turn    (no ring)
MPRegen 0.11/turn

%: guardian spirit
@: mighty
A: fangs 3, regeneration 1, magic shield, antimagic bite, no potion heal 2
a: no special abilities


You were on level 6 of the Dungeon.
You visited 1 branch of the dungeon, and saw 6 of its levels.

You collected 256 gold pieces.

Inventory:

Missiles
 e - 44 stones (quivered)
 n - 3 curare-tipped darts
 r - 6 poisoned darts
 x - 6 atropa-tipped darts
Armour
 a - a +0 scale mail (worn)
 b - a +1 buckler
 q - a +0 pair of boots (worn)
 s - the +1 buckler of Vampiric Thralls (worn) {^Drain Str+5 Dex+3 Slay+3}
   (You found it on level 3 of the Dungeon)

   Str+5:     It affects your strength (+5).
   Dex+3:     It affects your dexterity (+3).
   Slay+3:    It affects your accuracy & damage with ranged weapons and melee
   (+3).
   ^Drain:    It drains your maximum health when unequipped.
Wands
 o - a wand of flame (34)
 p - a wand of roots (6)
Scrolls
 g - 5 scrolls of teleportation
 h - a scroll of blinking
 w - 2 scrolls of vulnerability
Potions
 c - 2 potions of might
 d - 2 potions of degeneration
 f - 2 potions of ambrosia
 i - a potion of invisibility {unknown}
 j - a potion of curing {unknown}
 k - a potion of cancellation {unknown}
 m - a potion of lignification {unknown}
 v - 2 potions of enlightenment {unknown}


   Skills:
 + Level 5.5 Fighting
 - Level 2.4 Armour
 + Level 5.4 Shields
 * Level 7.6 Unarmed Combat


You had 7 spell levels left.
You didn't know any spells.
Your spell library contained the following spells:

 Spells                   Type           Power      Damage    Failure   Level
 Freeze                   Ice            0%         1d3       77%         1
 Frozen Ramparts          Ice            0%         1d1       98%         3
 Hailstorm                Conj/Ice       0%         3d5       98%         3


Dungeon Overview and Level Annotations

Branches:
Dungeon (6/15)
 Temple: D:4-7

Altars:
Gozag
Hepliaklqana
Trog

Shops:
D:1 (


Innate Abilities, Weirdness & Mutations

You have razor-sharp teeth.
Your natural rate of healing is unusually fast.
When hurt, damage is shared between your health and your magic reserves.
Your bite disrupts and absorbs the magic of your enemies.
Potions cannot restore your health.


Message History

The hound is heavily wounded.
You feel sick. The hound bites you.
* * * LOW HITPOINT WARNING * * *
You feel very mighty all of a sudden.
You feel sick. The hound bites you but does no damage. The hound bites you.
* * * LOW HITPOINT WARNING * * *
You punch the hound!
You kill the hound!
You feel sick.
You closely miss the adder.
You feel sick. The adder barely misses you.
The adder bites you but does no damage.
You barely miss the adder.
You feel sick.
You miss the phantom. Your bite misses the phantom.
You feel sick.
You punch the phantom! Your bite misses the phantom.
The phantom is severely damaged.
You feel sick.
You are no longer poisoned.
The phantom hits you but does no damage.
You punch the phantom!
You destroy the phantom!
You punch the adder!
You kill the adder!
You punch the orc warrior!
The orc warrior is moderately wounded.
The orc warrior barely misses you.
You hit the orc warrior.
The orc warrior is heavily wounded.
You pummel the orc!!
You kill the orc!
You block the orc warrior's attack.
You punch the orc warrior!
The orc warrior is almost dead.
The steam dragon breathes steam at you. The ball of steam hits you!
* * * LOW HITPOINT WARNING * * *
The orc warrior hits you with a +0 dire flail!
* * * LOW HITPOINT WARNING * * *
The steam dragon attacks as it pursues you!
The steam dragon bites you!
You die...

#.# #.. ##..# #......... .##
#.##..# ##......... #.##
#...<.#####.......... #..#
##....##............# ##.##
#................... ##..##
#...............#
#....#####......####...####
..............######......#
#.......§.......@o)..........
##..≈≈.≈§........D#..####....
##...≈.§§.......###..# ###
...≈.....≈...#..# #..#
##.≈§...≈≈..##..###..#
#.§§._.....###..###.##
#.≈§...≈≈..# #..###..##
#.§.....≈..# ##..##...##
#...§.≈...## #.........


You could see a steam dragon (catching breath) and an orc warrior.

Vanquished Creatures
  Sigmund (D:2)
  An ice beast (D:5)
  A centaur (D:5)
  A phantom (D:6)
  Blork the orc (D:5)
  3 bullfrogs (D:6)
  3 scorpions (D:5)
  5 killer bees (D:6)
  A bombardier beetle (D:5)
  A hound (D:6)
  A jelly (D:5)
  Jessica (D:3)
  4 iguanas
  5 adders
  2 shadow imps (D:5)
  2 ufetubi (D:5)
  2 ribbon worms
  10 dart slugs
  6 orcs
  2 endoplasms
  3 giant cockroaches
  6 goblins
  4 hobgoblins
  4 jackals (D:2)
  4 quokkas
  4 ball pythons
  4 bats
  2 kobolds (D:3)
  3 rats
87 creatures vanquished.

Notes
Turn   | Place    | Note
-------+----------+-------------------------------------------
     0 | D:1      | jasper the Vine Stalker Fighter began the quest for the
                  | Orb.
     0 | D:1      | Reached XP level 1. HP: 11/11 MP: 2/2
   184 | D:1      | Found Ycaow's Antique Weapon Shoppe.
   351 | D:1      | Reached XP level 2. HP: 16/16 MP: 3/3
   957 | D:2      | Reached XP level 3. HP: 19/20 MP: 4/4
  1159 | D:2      | Noticed Sigmund
  1160 | D:2      | Reached skill level 3 in Unarmed Combat
  1174 | D:2      | Killed Sigmund
  1175 | D:2      | Reached skill level 4 in Unarmed Combat
  1175 | D:2      | Reached XP level 4. HP: 23/25 MP: 3/5
  1175 | D:2      | Reached XP level 5. HP: 27/29 MP: 3/6
  1788 | D:3      | Identified the +1 buckler of Vampiric Thralls {^Drain Str+5
                  | Dex+3 Slay+3}
  1934 | D:3      | Noticed Jessica
  1939 | D:3      | Killed Jessica
  1940 | D:3      | Reached XP level 6. HP: 30/33 MP: 4/7
  2539 | D:5      | Entered Level 5 of the Dungeon
  2610 | D:5      | Noticed an ice beast
  2620 | D:5      | Killed an ice beast
  2621 | D:5      | Reached skill level 5 in Unarmed Combat
  2657 | D:5      | Noticed Blork the orc
  2670 | D:5      | Killed Blork the orc
  2671 | D:5      | Reached XP level 7. HP: 30/37 MP: 5/8
  2734 | D:5      | Found a bloodstained altar of Trog.
  2855 | D:5      | Reached skill level 6 in Unarmed Combat
  3074 | D:5      | Gained mutation: You have razor-sharp teeth. [Vine Stalker
                  | growth]
  3074 | D:5      | Reached XP level 8. HP: 36/42 MP: 7/9
  3124 | D:5      | Found a hazy altar of Hepliaklqana.
  3295 | D:6      | Found an opulent altar of Gozag.
  3428 | D:6      | Reached skill level 5 in Fighting
  3430 | D:6      | Reached skill level 5 in Shields
  3434 | D:6      | Reached skill level 7 in Unarmed Combat
  3473 | D:6      | Slain by a steam dragon

Illustrated notes

Levels and vault maps discovered:
D:1:      nagdon_arrival_double_spiral, layout_basic, serial_shops,
          nicolae_shop_behind_doors, serial_forest,
          infiniplex_forest_lined_ring, infiniplex_forest_clump_curved,
          infiniplex_forest_end_1, infiniplex_forest_zigzag_1,
          infiniplex_forest_straight_3, minmay_tetromino_t2
D:2:      layout_basic, uniq_sigmund
D:3:      layout_loops_ring, uniq_jessica
D:4:      layout_loops_ring, mainiacjoe_overflow_paths,
          mainiacjoe_overflow_alcove_4, minmay_misc_feat_tower,
          serial_bayou_lagoon_a, uniq_menkaure, uniq_grinder, uniq_edmund
D:5:      kennysheep_slugbush, layout_rooms, nzn_hepliaklqana_mist_gate,
          trog_three_pillars_becter, roderic_serpentine_path, uniq_blork_the_orc
D:6:      layout_layer_cave, mainiacjoe_overflow_small_starburst,
          roderic_filled_cross

Skill      XL: |  1  2  3  4  5  6  7  8 |
---------------+-------------------------+-----
Fighting       | 3 4 5 |  5.5
Shields        | 3 4 5 |  5.4
Unarmed Combat | 4 5 6 7 |  7.6
Armour         | |  2.4

Action                     |  1- 3 |  4- 6 |  7- 9 || total
---------------------------+-------+-------+-------++-------
  Melee: Unarmed           |    95 |    80 |    87 ||   262
         Bite              |    22 |    21 |    19 ||    62
  Throw: Dart              |     2 |       |       ||     2
         Stone             |       |     1 |       ||     1
    Use: Scroll            |     3 |     7 |     4 ||    14
         Potion            |       |     1 |     1 ||     2
 Armour: Scale mail        |    56 |    66 |    59 ||   181
  Dodge: Dodged            |    31 |    26 |    34 ||    91
  Block: Buckler           |    21 |    18 |    29 ||    68
